 Dungeon Crawl Stone Soup version 0.28.0-49-g6dfe1f597d (webtiles) character file.

Game seed: 16092171876243229420

44 Exodus22XD the Poker (level 3, -1/27 HPs)
             Began as a Demonspawn Gladiator on May 15, 2022.
             Slain by a goblin
             ... wielding a +0 club
             ... led by Robin
              (5 damage)
             ... on level 2 of the Dungeon.
             The game lasted 00:01:02 (1694 turns).

Exodus22XD the Poker (Demonspawn Gladiator)         Turns: 1694, Time: 00:01:03

Health: -1/27      AC:  3    Str: 16    XL:     3   Next: 41%
Magic:  3/3        EV: 12    Int:  9    God:
Gold:   83         SH:  0    Dex: 14    Spells: 2/2 levels left

rFire   . . .      SeeInvis .   a - +0 trident
rCold   . . .      Faith    .   (no shield)
rNeg    . . .      Spirit   .   b - +0 leather armour
rPois   .          Reflect  .   (helmet restricted)
rElec   .          Harm     .   (no cloak)
rCorr   .          Rampage  .   (no gloves)
Will    .....                   (no boots)
Stlth   +.........              l - amulet of regeneration
HPRegen 0.89/turn               (no ring)
MPRegen 0.08/turn               (no ring)

@: no status effects
A: antennae 1, demonic magic 1
a: no special abilities


You were on level 2 of the Dungeon.
You visited 1 branch of the dungeon, and saw 2 of its levels.

You collected 83 gold pieces.

Inventory:

Hand Weapons
 a - a +0 trident (weapon)
Missiles
 d - 4 throwing nets (quivered)
Armour
 b - a +0 leather armour (worn)
 c - a +0 helmet
Jewellery
 l - an amulet of regeneration (around neck)
Scrolls
 g - 2 scrolls of blinking {unknown}
 h - 2 scrolls of enchant armour {unknown}
 k - a scroll of magic mapping {unknown}
Potions
 e - 2 potions of curing {unknown}
 f - a potion of brilliance {unknown}
 i - a potion of flight {unknown}
 j - a potion of lignification {unknown}
 m - a potion of heal wounds {unknown}


   Skills:
 + Level 2.0 Fighting
 + Level 3.5 Polearms
 + Level 1.7 Throwing
 + Level 0.7 Armour
 + Level 3.0 Dodging
 + Level 0.8 Stealth


You had 2 spell levels left.
You didn't know any spells.
Your spell library was empty.

Dungeon Overview and Level Annotations

Branches:
Dungeon (2/15)

Altars:

Annotations:
D:2 Robin


Innate Abilities, Weirdness & Mutations

You have a pair of small antennae on your head.
Spells you cast may paralyse adjacent enemies.


Message History

There are monsters nearby!
The goblin shouts!
You hit the goblin.
You kill the goblin!
A hobgoblin comes into view.
The goblin closely misses you.
The hobgoblin shouts!
You hit the goblin.
The goblin is heavily wounded.
Robin roars a battlecry!
The goblin hits you but does no damage. The goblin hits you with a +0 club.
The goblin barely misses you.
A goblin comes into view. It is wielding a +0 club.
Robin throws the goblin at you!
You hit the goblin.
You kill the goblin!
The goblin closely misses you. x2; The goblin barely misses you.
You closely miss the goblin. The goblin hits you with a +0 club. x2
A goblin comes into view. It is wielding a +0 dagger.
The goblin hits you but does no damage.
You puncture the goblin!
You kill the goblin!
The goblin misses you. The goblin hits you but does no damage.
Robin misses you.
You closely miss the goblin. The goblin hits you with a +0 club.
The goblin barely misses you.
Robin hits you from afar with a +0 trident.
The goblin hits you but does no damage.
There are monsters nearby!
There are monsters nearby!
There are monsters nearby!
There are monsters nearby!
You are too injured to fight recklessly!
You hit the goblin but do no damage. The goblin hits you but does no damage.
Robin hits you from afar with a +0 trident.
* * * LOW HITPOINT WARNING * * *
The goblin misses you. The goblin hits you with a +0 dagger.
* * * LOW HITPOINT WARNING * * *
The goblin hits you with a +0 club.
You die...

#.......#
#.......######
#............##
#......>.....'.
..
#......g.....#
#.
#......g.....#
#.
#....))g.....#
#.
#....g†g.....#
#####.
#.....g@######
#.....
#.......#
#.##..
#......†# #
#.##..
#.......### #.
#.#...
#.........#
#.##.#...
##'###.##.#
#....#.†. #.
#.##.####
###....#' #
..##....#
###.####.
##########.#
#......#.


You could see Robin, a hobgoblin (strong) and 4 goblins.

Vanquished Creatures
  An adder (D:2)
  An endoplasm (D:1)
  3 giant cockroaches (D:2)
  5 goblins
  5 hobgoblins
  A jackal (D:1)
  4 kobolds
  A quokka (D:1)
  2 ball pythons
  A bat (D:1)
  2 frilled lizards (D:1)
  5 rats
31 creatures vanquished.

Notes
Turn   | Place    | Note
-------+----------+-------------------------------------------
     0 | D:1      | Exodus22XD the Demonspawn Gladiator began the quest for the
                  | Orb.
     0 | D:1      | Reached XP level 1. HP: 16/16 MP: 1/1
   338 | D:1      | Gained mutation: You have a pair of small antennae on your
                  | head. [demonic ancestry]
   338 | D:1      | Reached XP level 2. HP: 18/22 MP: 2/2
  1137 | D:2      | Gained mutation: Spells you cast may paralyse adjacent
                  | enemies. [demonic ancestry]
  1137 | D:2      | Reached XP level 3. HP: 4/27 MP: 3/3
  1683 | D:2      | Noticed Robin
  1694 | D:2      | Slain by a goblin

Illustrated notes

Levels and vault maps discovered:
D:1:      sevenhm_arrival_forest_fort_small_4, layout_loops_ring, minmay_3d_cube
D:2:      layout_basic, uniq_robin

Skill      XL: |  1  2  3 |
---------------+----------+-----
Polearms       | 3 |  3.5
Dodging        | 3 |  3.0
Fighting       | |  2.0
Throwing       | |  1.7
Armour         | |  0.7
Stealth        | |  0.8

Action                   || total
-------------------------++-------
Melee: Trident           ||   113
 Stab: Sleeping          ||     2
Armor: Leather armour    ||    27
Dodge: Dodged            ||    65
